 Dungeon Crawl Stone Soup version 0.22.0-38-g04b72b8c25 (webtiles) character file.

24 SushiGirl the Bolt Thrower (level 3, 0/21 HPs)
             Began as a Kobold Hunter on Aug 26, 2018.
             Hit by a stone thrown by an orc (4 damage)
             ... on level 2 of the Dungeon.
             The game lasted 00:02:23 (1422 turns).

SushiGirl the Bolt Thrower (Kobold Hunter)          Turns: 1422, Time: 00:02:24

Health: 0/21       AC:  3    Str: 10    XL:     3   Next: 15%
Magic:  3/3        EV: 14    Int: 12    God:
Gold:   28         SH:  0    Dex: 15    Spells: 2/2 levels left

rFire    . . .     SeeInvis .   b - +0 short sword
rCold    . . .     Gourm    .   (shield restricted)
rNeg     . . .     Faith    .   c - +0 leather armour
rPois    .         Spirit   .   (no helmet)
rElec    .         Reflect  .   (no cloak)
rCorr    .         Harm     .   (no gloves)
MR       .....                  (no boots)
Stlth    ++........             (no amulet)
HPRegen  0.07/turn              (no ring)
MPRegen  0.08/turn              (no ring)

@: no status effects
A: small, carnivore
a: no special abilities


You were on level 2 of the Dungeon.
You were completely stuffed.

You visited 1 branch of the dungeon, and saw 2 of its levels.

You collected 28 gold pieces.

Inventory:

Hand Weapons
 a - a +1 hand crossbow
 b - a +0 short sword (weapon)
Missiles
 d - 18 bolts
Armour
 c - a +0 leather armour (worn)
Wands
 p - a wand of polymorph (10)
   (You found it on level 2 of the Dungeon)
Scrolls
 e - a scroll of noise {unknown}
 g - 7 scrolls of identify {unknown}
 l - a scroll of amnesia {unknown}
 m - 2 scrolls of remove curse {unknown}
 o - a scroll of blinking {unknown}
 q - a scroll of magic mapping {unknown}
Potions
 h - a potion of mutation {unknown}
 i - a potion of haste {unknown}
 j - a potion of resistance {unknown}
 k - a potion of agility {unknown}
 n - 2 potions of curing {unknown}
Comestibles
 f - 2 rations
 r - 2 chunks of flesh {@w0}


   Skills:
 - Level 2.2 Fighting
 - Level 4.8 Crossbows
 - Level 2.4 Dodging
 + Level 4.0 Stealth


You had 2 spell levels left.
You didn't know any spells.
Your spell library was empty.

Dungeon Overview and Level Annotations

Branches:
Dungeon (2/15)

Altars:


Innate Abilities, Weirdness & Mutations

You are small and have problems with some larger weapons.
You are carnivorous and can eat meat at any time.


Message History

There is a stone staircase leading down here.
There is an open door here.
You see here a ring mail.
There is an open door here.
There is a stone staircase leading down here.
You regained 2 hp, and now have 11/17 hp.
Unknown command.
You climb downwards.
A frilled lizard comes into view.
There is a stone staircase leading up here.
You climb upwards.
There is a stone staircase leading down here.
You climb downwards.
There is a stone staircase leading up here.
The helpless frilled lizard fails to defend itself.
You puncture the frilled lizard!
You kill the frilled lizard!
You have reached level 3!
Your experience leads to an increase in your attributes!
Increase (S)trength, (I)ntelligence, or (D)exterity?
You feel stronger.
You regained 3 hp, and now have 14/21 hp.
MP restored: 3 Unknown command.
m - 2 scrolls labeled WOOWNU MEECWU (gained 1)
There is a stone staircase leading up here.
You butcher the frilled lizard corpse.
q - a chunk of flesh {@w0} You see here a frilled lizard skeleton. x2
Eating a chunk of flesh {@w0}.
You eat the chunk of flesh {@w0}.
This raw flesh tastes great.
q - a scroll labeled LUPU JUWNIMAUS No target in view!
Found a stone staircase leading down.
No target in view!
g - 7 scrolls labeled XAOT ENULUGOCE (gained 1)
A rat comes into view.
You regained 3 hp, and now have 18/21 hp.
A rat is nearby!
The helpless rat fails to defend itself.
You hit the rat.
You kill the rat!
No target in view!
The worm is too close now for your liking.
You regained 2 hp, and now have 20/21 hp.
A worm is nearby!
You hit the worm. You hit the worm. The worm closely misses you.
You barely miss the worm. The worm bites you!
You take 8 damage, and have 12/21 hp.
MASSIVE DAMAGE!!
You hit the worm. You barely miss the worm. The worm bites you.
You take 4 damage, and have 8/21 hp.
You hit the worm. The worm barely misses you.
You hit the worm but do no damage. You barely miss the worm.
The worm bites you.
* * * LOW HITPOINT WARNING * * *
You take 5 damage, and have 3/21 hp.
MASSIVE DAMAGE!!
a - a +1 hand crossbow (weapon)
You are too injured to fight recklessly!
Firing (i - inventory)
d - 18 bolts (quivered)
Aim: a worm (moderately wounded)
You shoot a bolt. The bolt hits the worm.
Firing (i - inventory)
d - 17 bolts (quivered)
Okay, then.
You see here 28 stones.
You are too injured to fight recklessly!
Firing (i - inventory)
d - 17 bolts (quivered)
Aim: a worm (heavily wounded)
You shoot a bolt. The bolt hits the worm.
Firing (i - inventory)
d - 16 bolts (quivered)
Aim: a worm (severely wounded)
You shoot a bolt. The bolt hits the worm!
You kill the worm!
Your Stealth skill increases to level 4!
b - a +0 short sword (weapon)
d - 16 bolts (gained 1)
You butcher the worm corpse.
r - 2 chunks of flesh {@w0}
d - 17 bolts (gained 1)
d - 18 bolts (gained 1) As you open the door, it creaks loudly!
A hobgoblin, a gnoll, a kobold and 2 orcs come into view.
The orc shouts!
The gnoll shouts!
The kobold shouts!
The orc shouts!
The hobgoblin shouts!
An orc comes into view.
The hobgoblin throws a stone.
The stone hits you but does no damage.
You close the door.
An orc opens the door.
The orc throws a stone.
The stone misses you.
The orc throws a stone.
The stone misses you.
The orc throws a stone.
The stone misses you.
You see here a stone.
The orc throws a stone.
The stone hits you.
* * * LOW HITPOINT WARNING * * *
You see here a stone.
You take 2 damage, and have 4/21 hp.
The orc throws a stone.
The stone hits you.
You die...

#.. #≈.≈. #)# .≈.≈#
########.###g.≈. ######
#......#.# .≈$≈##
#....#####.####.#.###≈.K.
#.......##.####.#..# ≈.≈
##..#.##.##.##(.....###o#
#...#.##.##.##.#o###.##(#
##.#..#.....@((....#
#.#..#
#.###.####.#########
#.o(.#
##.#.......########
###..# #.######........
#..# #.# #.......#
###..### #.# #..[....#
#....... #.# #.......#.#
#....... #.# #.......#.#
#....... #.# #.......#.#
#...#.##


You could see an orc.

Vanquished Creatures
  A worm (D:2)
  An orc (D:2)
  3 giant cockroaches (D:1)
  2 goblins (D:1)
  3 hobgoblins (D:1)
  2 ball pythons
  A bat (D:1)
  4 frilled lizards
  2 kobolds (D:1)
  2 rats
21 creatures vanquished.

Notes
Turn   | Place    | Note
-------+----------+-------------------------------------------
     0 | D:1      | SushiGirl the Kobold Hunter began the quest for the Orb.
     0 | D:1      | Reached XP level 1. HP: 12/12 MP: 1/1
   180 | D:1      | Reached skill level 2 in Stealth
   246 | D:1      | HP: 3/12 [kobold (3)]
   251 | D:1      | Reached XP level 2. HP: 3/17 MP: 2/2
   566 | D:1      | Reached skill level 3 in Stealth
  1281 | D:2      | Reached XP level 3. HP: 14/21 MP: 3/3
  1374 | D:2      | HP: 3/21 [worm (5)]
  1390 | D:2      | Reached skill level 4 in Stealth
  1421 | D:2      | HP: 4/21 [orc/stone (2)]
  1422 | D:2      | Hit by a stone thrown by an orc

Skill      XL: |  1  2  3 |
---------------+----------+-----
Stealth        | 2 3 4 |  4.0
Fighting       | |  2.2
Crossbows      | |  4.8
Dodging        | |  2.4

Action                   || total
-------------------------++-------
Melee: Short sword       ||    88
 Fire: Hand crossbow     ||     8
 Stab: Sleeping          ||     4
  Eat: Chunk             ||    10
Armor: Leather armour    ||    15
Dodge: Dodged            ||    67

Vault maps used:
D:1:      evilmike_arrival_rings
D:2:      okawaru_altar_gauntlet_db, tso_metal_star, uniq_jessica

Table legend:
 A = Turns spent in this place as a percentage of turns spent in the entire game.
 B = Non-inter-level travel turns spent in this place as a percentage of non-inter-level travel turns spent in the entire game.
 C = Inter-level travel turns spent in this place as a percentage of turns spent in this place.
 D = Turns resting spent in this place as a percentage of non-inter-level travel turns spent in this place.
 E = Turns spent auto-exploring this place as a percentage of non-inter-level travel turns spent in this place.
 F = Non-inter-level travel turns spent in this place divided by the number of levels of this place that you've seen.
                   A       B       C       D       E      F
               +-------+-------+-------+-------+-------+----------------------
         Total | 100.0 | 100.0 |   7.2 |  18.7 |  61.4 | 659.5
       Dungeon | 100.0 | 100.0 |   7.2 |  18.7 |  61.4 | 659.5
               +-------+-------+-------+-------+-------+----------------------

Table legend:
 A = Kills in this place as a percentage of kills in entire the game.
 B = Kills by you in this place as a percentage of kills by you in the entire game.
 C = Kills by friends in this place as a percentage of kills by friends in the entire game.
 D = Other kills in this place as a percentage of other kills in the entire game.
 E = Experience gained in this place as a percentage of experience gained in the entire game.
 F = Experience gained in this place divided by the number of levels of this place that you have seen.
                   A       B       C       D       E      F
               +-------+-------+-------+-------+-------+----------------------
         Total | 100.0 | 100.0 |   N/A |   N/A | 100.0 |  17.5
       Dungeon | 100.0 | 100.0 |   N/A |   N/A | 100.0 |  17.5
               +-------+-------+-------+-------+-------+----------------------
